 Dungeon Crawl Stone Soup version 0.19.5 (webtiles) character file.

561 wolfsongas the Chopper (level 7, -1/58 HPs)
             Began as a Minotaur Fighter on May 5, 2017.
             Slain by an orc wizard
             ... wielding a +0 dagger
              (2 damage)
             ... on level 5 of the Dungeon.
             The game lasted 00:08:18 (2638 turns).

wolfsongas the Chopper (Minotaur Fighter)           Turns: 2638, Time: 00:08:19

Health: -1/58      AC:  9    Str: 23    XL:     7   Next: 9%
Magic:  3/6        EV:  9    Int:  5    God:    Xom [..*...]
Gold:   149        SH:  0    Dex:  9    Spells: 0 memorised, 6 levels left

rFire  . . .     SeeInvis .     i - +0 battleaxe
rCold  . . .     Gourm    .     b - +0 scale mail
rNeg   . . .     Faith    .     (shield currently unavailable)
rPois  .         Spirit   .     (helmet restricted)
rElec  .         Reflect  .     g - +1 cloak
rCorr  .         Harm     .     (no gloves)
MR     .....                    (no boots)
Stlth  ..........               (no amulet)
                                (no ring)
                                (no ring)

@: confused
A: retaliatory headbutt, horns 2
a: Renounce Religion


You were on level 5 of the Dungeon.
You worshipped Xom.
You were a toy of Xom.
You were full.

You visited 1 branch of the dungeon, and saw 5 of its levels.

You collected 149 gold pieces.

Inventory:

Hand Weapons
 a - a +1 flail
 i - a +0 battleaxe (weapon)
 j - a +0 hand axe of chopping
Armour
 b - a +0 scale mail (worn)
 c - a +0 shield
 g - a +1 cloak (worn)
Scrolls
 e - 7 scrolls of identify
 m - a scroll of blinking
Potions
 k - a potion of curing
Books
 h - a book of Necromancy

   Spells                             Type                      Level
   a - Pain                           Necromancy                   1
   b - Animate Skeleton               Necromancy                   1
   c - Vampiric Draining              Necromancy                   3
   d - Regeneration                   Charms/Necromancy            3
   e - Animate Dead                   Necromancy                   4
   f - Control Undead                 Necromancy                   4
Comestibles
 d - a slice of pizza
 f - 2 bread rations
 l - 2 meat rations


   Skills:
 - Level 3.9 Fighting
 + Level 7.9(8.2) Axes
 - Level 3.1(5.9) Maces & Flails
 - Level 3.9 Armour
 - Level 0.2 Dodging
 + Level 0.6 Stealth
 - Level 4.2 Shields


You had 6 spell levels left.
You didn't know any spells.

Dungeon Overview and Level Annotations

Branches:
Dungeon (5/15)
 Temple: D:4-7

Altars:
Hepliaklqana
Sif Muna
Xom


Innate Abilities, Weirdness & Mutations

You reflexively headbutt those who attack you in melee.
You have a pair of horns on your head.


Message History

The orc wizard hits you but does no damage.
Found a scroll of magic mapping.
You barely miss the orc wizard. You hit the iguana.
You kill the iguana!
You barely miss the orc wizard.
The orc wizard gestures at you while chanting.
You are confused.
You closely miss the orc wizard. Your headbutt misses the orc wizard.
You miss the orc wizard.
The orc wizard hits you but does no damage.
The orc wizard barely misses you.
The orc wizard mumbles some strange words.
The orc wizard blinks!
The orc priest mumbles some strange prayers to Beogh against you.
Beogh smites you!
* * * LOW HITPOINT WARNING * * *
Xom thinks this is hilarious!
You're too confused to move!
The orc wizard hits you with a dagger.
You die...
Xom giggles madly!

#............$... #
#>......###...# # ##.
##..........##..
###..###..#.#..........
.......).##............
........#...o......>...
.<.....<#.#............
.#######..#............
.......@o†........
........o)........
.........§.........
...............##..
..!..........## #
.............#
...%...........
..............#.
?.............


You could see an orc priest and 2 orc wizards.

Vanquished Creatures
  2 phantoms (D:4)
  An ogre (D:4)
  A howler monkey (D:4)
  An iguana (D:5)
  2 worker ants (D:4)
  Robin (D:4)
  10 adders
  An ooze (D:1)
  2 worms
  A dart slug (D:3)
  4 leopard geckos
  An orc (D:5)
  2 giant cockroaches (D:3)
  20 goblins
  11 hobgoblins
  3 jackals (D:4)
  7 kobolds
  9 bats
  4 frilled lizards
  10 rats
93 creatures vanquished.

Notes
Turn   | Place    | Note
-------+----------+-------------------------------------------
     0 | D:1      | wolfsongas the Minotaur Fighter began the quest for the Orb.
     0 | D:1      | Reached XP level 1. HP: 19/19 MP: 0/0
   104 | D:1      | Reached XP level 2. HP: 24/27 MP: 1/1
   450 | D:2      | Found a faded altar of an unknown god.
   459 | D:2      | Reached XP level 3. HP: 33/33 MP: 2/2
   481 | D:2      | Became a worshipper of Sif Muna the Loreminder
   481 | D:2      | Reached * piety under Sif Muna
   538 | D:2      | Reached skill level 1 in Axes
   579 | D:2      | Reached skill level 2 in Axes
   589 | D:2      | Reached XP level 4. HP: 39/40 MP: 3/3
  1081 | D:2      | Reached skill level 3 in Axes
  1206 | D:3      | Found a hazy altar of Hepliaklqana.
  1206 | D:3      | Found a faded altar of an unknown god.
  1214 | D:3      | Found a faded altar of an unknown god.
  1220 | D:3      | Found a faded altar of an unknown god.
  1222 | D:3      | Found a faded altar of an unknown god.
  1367 | D:3      | Reached skill level 4 in Axes
  1372 | D:3      | Reached XP level 5. HP: 26/46 MP: 4/4
  1877 | D:4      | Noticed Robin
  1890 | D:4      | Killed Robin
  1996 | D:4      | Found a shimmering altar of Xom.
  2005 | D:4      | Fell from the grace of Sif Muna
  2005 | D:4      | Became a worshipper of Xom of Chaos
  2013 | D:4      | Noticed a phantom
  2042 | D:4      | Killed a phantom
  2042 | D:4      | Reached skill level 5 in Axes
  2042 | D:4      | Reached XP level 6. HP: 41/52 MP: 5/5
  2058 | D:4      | Reached skill level 6 in Axes
  2304 | D:4      | XOM: harmless Summ miscast
  2306 | D:4      | Reached skill level 7 in Axes
  2326 | D:4      | XOM: divination: magic mapping
  2346 | D:4      | Reached XP level 7. HP: 38/58 MP: 6/6
  2377 | D:4      | XOM: mild Pois miscast
  2616 | D:5      | Entered Level 5 of the Dungeon
  2637 | D:5      | HP: 1/58 [orc priest/divine providence (14)]
  2638 | D:5      | Slain by an orc wizard

Skill      XL: |  1  2  3  4  5  6 |
---------------+-------------------+-----
Shields        | 4 |  4.2
Maces & Flails | 3 |  3.1
Axes           | 2 4 5 7 |  7.9
Fighting       | |  3.9
Armour         | |  3.9
Dodging        | |  0.2
Stealth        | |  0.6

Action                   |  1- 3 |  4- 6 |  7- 9 || total
-------------------------+-------+-------+-------++-------
Melee: Flail             |    48 |       |       ||    48
       Headbutt          |     9 |    23 |       ||    32
       Battleaxe         |    20 |   136 |     6 ||   162
  Use: Scroll            |     5 |     2 |     1 ||     8
       Potion            |       |     5 |       ||     5
  Eat: Royal jelly       |       |     1 |       ||     1
       Bread ration      |       |     2 |       ||     2
Armor: Scale mail        |    46 |   107 |     7 ||   160
Dodge: Dodged            |    35 |    88 |     4 ||   127
Block: Shield            |    27 |       |       ||    27
